 Dungeon Crawl Stone Soup version 0.26-a0-20-g5f92b90 (webtiles) character file.

Game seed: 9561013635214092355, levelgen mode: deterministic

728 MrTaco21 the Basher (level 7, 0/41 HPs)
             Began as a Gargoyle Fighter on May 25, 2020.
             Killed from afar by an electric eel (1 damage)
             ... with a bolt of electricity
             ... on level 4 of the Dungeon.
             The game lasted 00:06:35 (3534 turns).

MrTaco21 the Basher (Gargoyle Fighter)              Turns: 3534, Time: 00:06:36

Health: 0/41       AC: 15    Str: 21    XL:     7   Next: 72%
Magic:  7/7        EV:  5    Int:  9    God:
Gold:   346        SH:  9    Dex:  9    Spells: 6/6 levels left

rFire    . . .     SeeInvis .   a - +0 flail
rCold    . . .     Gourm    .   c - +0 kite shield
rNeg     + . .     Faith    .   F - +0 chain mail
rPois    ∞         Spirit   .   b - +0 helmet
rElec    +         Reflect  .   y - scarf {repulsion}
rCorr    .         Harm     .   (no gloves)
MR       .....                  (no boots)
Stlth    ..........             f - amulet of regeneration
HPRegen  0.53/turn              (no ring)
MPRegen  0.10/turn              (no ring)

@: repel missiles, very slow
A: negative energy resistance 1, electricity resistance, unbreathing,
petrification resistance, rot immunity, AC +4
a: no special abilities


You were on level 4 of the Dungeon.
You were not hungry.

You visited 1 branch of the dungeon, and saw 4 of its levels.

You collected 346 gold pieces.

Inventory:

Hand Weapons
 a - a +0 flail (weapon)
Missiles
 B - a throwing net (quivered) {!f}
Armour
 b - a +0 helmet (worn)
   (You took it off Robin on level 2 of the Dungeon)
 c - a +0 kite shield (worn)
 y - a scarf of repulsion (worn)
   (You found it on level 3 of the Dungeon)
 F - a +0 chain mail (worn)
   (You took it off an orc on level 4 of the Dungeon)
Jewellery
 f - an amulet of regeneration (around neck)
   (You found it on level 1 of the Dungeon)
Wands
 d - a wand of iceblast (9)
   (You found it on level 3 of the Dungeon)
 t - a wand of flame (18)
   (You found it on level 4 of the Dungeon)
 u - a wand of paralysis (12)
   (You took it off Ijyb on level 3 of the Dungeon)
 x - a wand of acid (13)
   (You took it off a hobgoblin on level 3 of the Dungeon)
Scrolls
 g - 5 scrolls of identify {unknown}
 i - a scroll of noise {unknown}
 j - a scroll of magic mapping {unknown}
 k - 2 scrolls of random uselessness {unknown}
 n - 3 scrolls of teleportation {unknown}
 q - 4 scrolls of enchant armour {unknown}
 r - 2 scrolls of blinking {unknown}
 v - 2 scrolls of enchant weapon {unknown}
 z - a scroll of amnesia {unknown}
 C - a scroll of remove curse {unknown}
Potions
 h - 3 potions of curing {unknown}
 l - a potion of mutation {unknown}
 m - a potion of haste {@q3}
 o - 2 potions of heal wounds {unknown}
 p - a potion of invisibility {unknown}
 s - 2 potions of brilliance {unknown}
 w - a potion of might
 A - a potion of flight {unknown}
 D - a potion of stabbing {unknown}
Comestibles
 e - 14 rations {!d}


   Skills:
 - Level 3.2 Fighting
 + Level 8.5 Maces & Flails
 - Level 3.2 Armour
 - Level 3.2 Shields


You had 6 spell levels left.
You didn't know any spells.
Your spell library was empty.

Dungeon Overview and Level Annotations

Branches:
Dungeon (4/15)             Temple (0/1) D:4

Altars:
Makhleb
Nemelex Xobeh
Xom

Shops:
D:4 (

Annotations:
D:4 1 transporter


Innate Abilities, Weirdness & Mutations

You are resistant to torment.
Your stone body is resilient. (AC +4)
You are immune to poison.
You resist negative energy. (rN+)
You are resistant to electric shocks. (rElec)
You can survive without breathing.
You are immune to petrification.
You are immune to rotting.


Message History

The electric eel shoots out a bolt of lightning at you!
The bolt of electricity hits the electric eel.
The electric eel completely resists.
The bolt of electricity hits the plant!
The bolt of electricity hits you. You resist.
* * * LOW HITPOINT WARNING * * *
The bolt of electricity hits you but does no damage.
You resist.
The bolt of electricity hits the plant!
The electric eel shoots out a bolt of lightning at you!
The bolt of electricity hits the electric eel.
The electric eel completely resists.
The bolt of electricity hits the plant but does no damage.
The bolt of electricity hits you. You resist.
* * * LOW HITPOINT WARNING * * *
The bolt of electricity hits you. You resist.
* * * LOW HITPOINT WARNING * * *
The bolt of electricity hits the plant.
The electric eel shoots out a bolt of lightning at you!
The bolt of electricity hits you. You resist.
* * * LOW HITPOINT WARNING * * *
The bolt of electricity hits the plant.
The electric eel shoots out a bolt of lightning at you!
The bolt of electricity hits the plant!
The bolt of electricity hits you. You resist.
* * * LOW HITPOINT WARNING * * *
Unknown command.
Unknown command.
Unknown command.
You hit the plant.
The electric eel shoots out a bolt of lightning at you!
The bolt of electricity hits you but does no damage.
You resist. The bolt of electricity hits you. You resist.
* * * LOW HITPOINT WARNING * * *
The bolt of electricity hits the electric eel.
The electric eel completely resists.
The electric eel shoots out a bolt of lightning at you!
The bolt of electricity hits you. You resist.
* * * LOW HITPOINT WARNING * * *
The bolt of electricity hits you. You resist.
* * * LOW HITPOINT WARNING * * *
The bolt of electricity hits the electric eel.
The electric eel completely resists.
The bolt of electricity hits the electric eel.
The electric eel completely resists.
Your unstable footing causes you to fumble your attack.
The electric eel shoots out a bolt of lightning at you!
The bolt of electricity misses the electric eel.
The bolt of electricity hits you. You resist.
* * * LOW HITPOINT WARNING * * *
The bolt of electricity hits you. You resist.
You die...

..##.#.....#######...#.#.##.# #.#
.........#.# #...#.#.##.###.#
...#.......#######..............#
...#.#.###.#.........#....#.#####
.....#...........................
.................................
..#....###############....######.
.......#8P#≈≈≈≈≈≈≈#P8#....# #.
.......#..#..PP≈@≈#..#....# #.
......©#©.'..;♣;PP+$©#©...######.
.......#..#..≈;PP≈#..#...........
..##...#8P#≈≈≈≈≈≈≈#P8#...........
..##...###############...........
..##.............................
..##........................####.
..##..##.#####.###..#.#..#.###.##
..##..##..................###...#


You could see 3 electric eels.

Vanquished Creatures
  The ghost of DarkSavant the Insei, an amateur DsTm (D:4)
  An ogre (D:4)
  4 crimson imps (D:3)
  A bullfrog skeleton (D:4)
  A hound (D:4)
  An orc priest (D:4)
  Ijyb (D:3)
  Terence (D:3)
  Natasha (thrice) (D:3)
  A worker ant (D:4)
  Robin (D:2)
  3 gnolls (D:3)
  An adder (D:3)
  A worm (D:3)
  3 dart slugs
  2 leopard geckos
  9 orcs
  5 giant cockroaches
  16 goblins
  8 hobgoblins
  4 quokkas
  6 bats
  6 frilled lizards
  4 kobolds
  8 rats
92 creatures vanquished.

Notes
Turn   | Place    | Note
-------+----------+-------------------------------------------
     0 | D:1      | MrTaco21 the Gargoyle Fighter began the quest for the Orb.
     0 | D:1      | Reached XP level 1. HP: 14/14 MP: 1/1
   217 | D:1      | Reached XP level 2. HP: 19/19 MP: 2/2
   329 | D:1      | Reached skill level 3 in Maces & Flails
   675 | D:2      | Reached XP level 3. HP: 23/23 MP: 3/3
   890 | D:2      | Found a faded altar of an unknown god.
  1144 | D:2      | Reached skill level 4 in Maces & Flails
  1179 | D:2      | Noticed Robin
  1199 | D:2      | Killed Robin
  1199 | D:2      | Reached XP level 4. HP: 27/28 MP: 4/4
  1268 | D:3      | Found a shimmering altar of Xom.
  1301 | D:3      | Reached skill level 5 in Maces & Flails
  1301 | D:3      | Reached XP level 5. HP: 26/32 MP: 5/5
  1512 | D:3      | Noticed Ijyb
  1550 | D:3      | Reached skill level 6 in Maces & Flails
  1581 | D:3      | Paralysed by Ijyb for 7 turns
  1591 | D:3      | Paralysed by Ijyb for 2 turns
  1594 | D:3      | Killed Ijyb
  1594 | D:3      | Reached XP level 6. HP: 37/37 MP: 6/6
  1624 | D:3      | Noticed Natasha
  1632 | D:3      | Killed Natasha
  1725 | D:3      | Noticed Natasha
  1735 | D:3      | Killed Natasha
  1808 | D:3      | Found a sparkling altar of Nemelex Xobeh.
  1875 | D:3      | Noticed Terence
  1885 | D:3      | Killed Terence
  1906 | D:3      | Noticed Natasha
  1912 | D:3      | Killed Natasha
  2044 | D:3      | Reached skill level 7 in Maces & Flails
  2365 | D:4      | Found a staircase to the Ecumenical Temple.
  2370 | D:4      | Found a transporter.
  2385 | D:4      | Found a transporter.
  2511 | D:4      | Reached XP level 7. HP: 38/41 MP: 7/7
  2625 | D:4      | Found a runed translucent gate.
  2629 | D:4      | Found a runed translucent gate.
  2630 | D:4      | Found a runed translucent gate.
  2631 | D:4      | Noticed DarkSavant's ghost (amateur DsTm)
  2686 | D:4      | Found Gymuofoh's Weapon Emporium.
  3107 | D:4      | Found a burning altar of Makhleb.
  3113 | D:4      | Reached skill level 8 in Maces & Flails
  3212 | D:4      | Killed DarkSavant's ghost
  3534 | D:4      | HP: 1/41 [electric eel/bolt of electricity (4)]
  3534 | D:4      | Killed from afar by an electric eel

Illustrated notes

Levels and vault maps discovered:
D:1:      dpeg_arrival_subterranean_lakeside_camping, layout_basic
D:2:      layout_rooms, first_ration, chequers_ecumenical_altar_simple_redux,
          hex_large, uniq_robin
D:3:      layout_rooms, nemelex_altar_shiori, led_xom_imps, uniq_terence,
          uniq_natasha, uniq_ijyb
D:4:      gammafunk_steamed_eel, layout_basic, minmay_temple_entry_junction,
          serial_shops, shop, ebering_ghost_rock_garden,
          makhleb_blood_cavern_becter

Skill      XL: |  1  2  3  4  5  6  7 |
---------------+----------------------+-----
Maces & Flails | 3 4 5 6 7 8 |  8.5
Fighting       | |  3.2
Armour         | |  3.2
Shields        | |  3.2

Action                   |  1- 3 |  4- 6 |  7- 9 || total
-------------------------+-------+-------+-------++-------
Melee: Flail             |   155 |   196 |    76 ||   427
  Eat: Chunk             |     1 |     5 |     3 ||     9
Armor: Scale mail        |    96 |   133 |     9 ||   238
       Chain mail        |       |       |    12 ||    12
Dodge: Dodged            |    45 |    71 |    15 ||   131
       Repelled          |       |       |     6 ||     6
Block: Kite shield       |    80 |   114 |    19 ||   213

Table legend:
 A = Non-vault XP
 B = Vault XP
 C = Vault XP percentage of total XP
 D = Non-vault monster count
 E = Vault monster count
 F = Vault count percentage of total count
                 A         B        C        D         E       F
            +---------+---------+-------+---------+---------+-------
      Total |     473 |     567 |  54.5 |      65 |      27 |  29.3
            +---------+---------+-------+---------+---------+-------
        D:1 |      23 |       9 |  28.1 |      11 |       6 |  35.3
        D:2 |      26 |      37 |  58.7 |      15 |      12 |  44.4
        D:3 |     172 |     297 |  63.3 |      27 |       7 |  20.6
        D:4 |     252 |     224 |  47.1 |      12 |       2 |  14.3
            +---------+---------+-------+---------+---------+-------
